 Dungeon Sprint DCSS version 0.21-a0-50-g941c862 (webtiles) character file.

235 Kidiri the Ruffian (level 5, -9/82 HPs)
             Began as a Troll Transmuter on June 11, 2017.
             Was an Elder of Wu Jian.
             Killed from afar by a deep elf mage (28 damage)
             ... with a bolt of cold
             ... in the Dungeon (Sprint VII: "The Pits").
             The game lasted 00:02:07 (339 turns).

Kidiri the Ruffian (Troll Transmuter)                Turns: 339, Time: 00:02:07

Health: -9/82      AC:  5    Str: 23    XL:     5   Next: 76%
Magic:  7/7        EV: 11    Int: 10    God:    Wu Jian [****..]
Gold:   0          SH:  0    Dex: 10    Spells: 8/9 levels left

rFire    . . .     SeeInvis .     - Unarmed
rCold    . . .     Gourm    +   (no shield)
rNeg     . . .     Faith    .   b - +0 robe
rPois    .         Spirit   .   (helmet restricted)
rElec    .         Reflect  .   (no cloak)
rCorr    .         Harm     .   (gloves unavailable)
MR       .....     NoTele   +   (boots unavailable)
Stlth    ..........             (no amulet)
Regen    0.7/turn               (no ring)
MPRegen  0.1/turn               (no ring)

@: berserking (expiring), very quick
A: unfitting armour, claws 3, fast metabolism 3, gourmand, regeneration 1,
shaggy fur 1, tough skin 2
a: Serpent's Lash, Renounce Religion


You were in the Dungeon.
You worshipped Wu Jian.
Wu Jian was greatly pleased with you.
You were not hungry.

You visited 1 branch

Inventory:

Missiles
 a - 12 arrows
Armour
 b - a +0 robe (worn)
Scrolls
 j - a scroll of blinking
 l - 3 scrolls of remove curse
 m - 5 scrolls of amnesia
 n - a scroll of summoning
Potions
 e - 6 potions of curing
 f - 6 potions of heal wounds
 g - a potion of haste
 h - 4 potions of magic
 i - 2 potions of berserk rage
 k - 2 potions of invisibility
Books
 c - a book of Changes

   Spells                             Type                      Level
   a - Beastly Appendage              Transmutation                1
   b - Sticks to Snakes               Transmutation                2
   c - Spider Form                    Transmutation/Poison         3
   d - Ice Form                       Ice/Transmutation            4
   e - Blade Hands                    Transmutation                5
Comestibles
 d - 9 bread rations
 o - 40 fruits
 p - 7 meat rations
 q - 7 chunks of flesh


   Skills:
 * Level 4.4 Fighting
 + Level 2.7 Armour
 * Level 4.7 Dodging
 * Level 6.2 Unarmed Combat
 + Level 2.5 Spellcasting
 * Level 4.2 Transmutations


You had 8 spell levels left.
You knew the following spells:

 Your Spells              Type           Power        Failure   Level  Hunger
a - Beastly Appendage     Tmut           #.....       5%          1    ##.....


Dungeon Overview and Level Annotations

Branches:
Dungeon (1/1)

Altars:
Ashenzari
Cheibriados
Dithmenos
Elyvilon
Fedhas
Gozag
Hepliaklqana
Kikubaaqudgha
Makhleb
Nemelex Xobeh
Okawaru
Qazlal
Ru
Sif Muna
Trog
Uskayaw
Vehumet
Wu Jian
Xom
Yredelemnul
Zin
The Shining One
Beogh
Jiyva
Lugonu


Innate Abilities, Weirdness & Mutations

You are too large for most types of armour.
You have claws for hands.
Your metabolism is lightning-fast.
You like to eat raw meat.
Your natural rate of healing is unusually fast.
You are covered in fur. (AC +1)
You have very tough skin. (AC +2)


Message History

You see here a chain mail.
Unknown command.
You lunge at the ice beast in a flurry of attacks.
You eviscerate the ice beast!!!
You kill the ice beast!
There is an open door here.
Unknown command.
You spin and attack the orc wizard.
You claw the orc wizard!
You kill the orc wizard!
The Council accepts your kill.
Items here: ( ) [ † a war axe; 4 tomahawks; a leather armour; an orc corpse Unknown command.
You lunge at the deep elf mage.
You claw the deep elf mage!
The deep elf mage is moderately wounded.
You spin and attack the orc wizard.
You scratch the orc wizard.
The orc wizard is moderately wounded.
The deep elf mage gestures at you while chanting.
The bolt of cold hits you!
You die...

#(##+####+###.....
#.#.....÷..##.....
#.#........##.....
#.#####+#####...<.
#.#...)))[.##.....
#[#...)))[.##.....
#'###########.....
#)oo....# ######
#@###...# #e# .#
#.# #.. #.. #...
####


You could see a deep elf mage, an orc warrior and an orc wizard.

Vanquished Creatures
  A floating eye (D)
  A sky beast (D)
  An orc wizard (D)
  An ooze (D)
  3 orcs (D)
  A bat zombie (D)
  2 goblins (D)
  A quokka (D)
  2 bats (D)
  A kobold (D)
  A quokka skeleton (D)
  A rat (D)
16 creatures vanquished.

Notes
Turn   | Place    | Note
-------+----------+-------------------------------------------
     0 | D        | Kidiri the Troll Transmuter began the quest for the Orb.
     0 | D        | Reached XP level 1. HP: 18/18 MP: 1/1
    15 | D        | Reached skill level 1 in Fighting
    44 | D        | Found a bloodstained altar of Trog.
    44 | D        | Found a deep blue altar of Sif Muna.
    44 | D        | Found a viscous altar of Jiyva.
    44 | D        | Found a hazy altar of Hepliaklqana.
    44 | D        | Found an opulent altar of Gozag.
    45 | D        | Found a glowing golden altar of the Shining One.
    45 | D        | Found a glowing silver altar of Zin.
    45 | D        | Found a basalt altar of Yredelemnul.
    45 | D        | Found a shimmering altar of Xom.
    45 | D        | Found an ornate altar of the Wu Jian Council.
    45 | D        | Found a sacrificial altar of Ru.
    45 | D        | Found a stormy altar of Qazlal.
    45 | D        | Found an iron altar of Okawaru.
    45 | D        | Found a sparkling altar of Nemelex Xobeh.
    45 | D        | Found a burning altar of Makhleb.
    45 | D        | Found a blossoming altar of Fedhas.
    45 | D        | Found a white marble altar of Elyvilon.
    45 | D        | Found a shadowy altar of Dithmenos.
    45 | D        | Found a snail-covered altar of Cheibriados.
    47 | D        | Found a radiant altar of Vehumet.
    47 | D        | Found a corrupted altar of Lugonu.
    47 | D        | Found a roughly hewn altar of Beogh.
    48 | D        | Found a hide-covered altar of Uskayaw.
    48 | D        | Found an ancient bone altar of Kikubaaqudgha.
    48 | D        | Found a shattered altar of Ashenzari.
    54 | D        | Became a worshipper of the Wu Jian Council
    85 | D        | Reached * piety under Wu Jian
    85 | D        | Reached XP level 2. HP: 19/27 MP: 3/3
   223 | D        | Noticed a floating eye
   226 | D        | Reached ** piety under Wu Jian
   230 | D        | Killed a floating eye
   230 | D        | Reached skill level 5 in Unarmed Combat
   230 | D        | Reached XP level 3. HP: 37/37 MP: 3/5
   230 | D        | Reached XP level 4. HP: 45/45 MP: 3/6
   305 | D        | Reached *** piety under Wu Jian
   307 | D        | Noticed a sky beast
   312 | D        | Noticed a deep elf mage
   316 | D        | Noticed an ice beast
   318 | D        | Noticed an ice beast
   322 | D        | Killed a sky beast
   322 | D        | Reached skill level 6 in Unarmed Combat
   322 | D        | Reached XP level 5. HP: 54/54 MP: 7/7
   334 | D        | Noticed an ice beast
   334 | D        | Noticed an orc warrior
   335 | D        | Reached **** piety under Wu Jian
   339 | D        | Killed from afar by a deep elf mage

Vault maps used:
D:        pitsprint

Skill      XL: |  1  2  3  4 |
---------------+-------------+-----
Fighting       | 1 3 4 |  4.4
Dodging        | 2 3 4 |  4.7
Armour         | 2 |  2.7
Unarmed Combat | 5 6 |  6.2
Spellcasting   | 2 |  2.5
Transmutations | 3 4 |  4.2

Action                   |  1- 3 |  4- 6 || total
-------------------------+-------+-------++-------
Melee: Unarmed           |    23 |    30 ||    53
       Punch             |       |     1 ||     1
  Use: Potion            |       |     1 ||     1
  Eat: Chunk             |     2 |       ||     2
Armor: Robe              |     5 |     7 ||    12
Dodge: Dodged            |    10 |     9 ||    19
